 Dungeon Crawl Stone Soup version 0.23-a0-275-g0cf4261 (webtiles) character file.

196 varaam the Slasher (level 5, -1/41 HPs)
             Began as a Barachi Skald on Oct 2, 2018.
             Slain by a howler monkey skeleton (4 damage)
             ... on level 4 of the Dungeon.
             The game lasted 00:15:05 (3622 turns).

varaam the Slasher (Barachi Skald)                  Turns: 3622, Time: 00:15:06

Health: -1/41      AC:  5    Str: 10 (12) XL:     5   Next: 74%
Magic:  7/9        EV: 10    Int: 14      God:
Gold:   157        SH:  0    Dex: 12      Spells: 4/10 levels left

rFire    . . .     SeeInvis .   c - +1 dagger (speed)
rCold    . . .     Gourm    .   (no shield)
rNeg     . . .     Faith    .   f - +0 ring mail (curse)
rPois    .         Spirit   .   (no helmet)
rElec    .         Reflect  .   (no cloak)
rCorr    .         Harm     .   (no gloves)
MR       .....                  (no boots)
Stlth    +.........             (no amulet)
HPRegen  0.13/turn              (no ring)
MPRegen  0.11/turn              (no ring)

@: infused, can't hop, slow
A: +LOS, swims, slowness 1, strong legs 1
a: Hop


You were on level 4 of the Dungeon.
You were hungry.

You visited 1 branch of the dungeon, and saw 4 of its levels.

You collected 157 gold pieces.

Inventory:

Hand Weapons
 a - a +0 falchion
 c - a +1 dagger of speed (weapon)
 k - a +0 hunting sling
Missiles
 j - 33 poisoned needles
 Q - 139 stones (quivered)
Armour
 b - a +0 leather armour
 f - a cursed +0 ring mail (worn)
 x - a +0 helmet
Magical Staves
 o - an uncursed staff of wizardry {wiz+, !a}
 s - an uncursed staff of death {unknown}
Scrolls
 h - a scroll of amnesia {unknown}
 i - 3 scrolls of identify {unknown}
 p - a scroll of random uselessness {unknown}
 q - a scroll of remove curse {unknown}
 r - 2 scrolls of blinking {unknown}
 t - 4 scrolls of teleportation
 u - a scroll of fear {unknown}
 v - 3 scrolls of magic mapping {unknown}
Potions
 e - a potion of agility {unknown}
 g - a potion of magic {unknown}
 l - a potion of heal wounds {unknown}
 n - 2 potions of flight
 w - a potion of brilliance {unknown}
Comestibles
 d - 5 rations


   Skills:
 + Level 3.5 Fighting
 + Level 4.4 Long Blades
 + Level 2.8 Armour
 - Level 2.1 Dodging
 - Level 3.1 Spellcasting
 - Level 4.0 Charms


You had 4 spell levels left.
You knew the following spells:

 Your Spells              Type           Power        Failure   Level  Hunger
a - Infusion              Chrm           ##..         10%         1    #......
r - Regeneration          Chrm/Necr      #.........   56%         3    ###....
S - Song of Slaying       Chrm           ##......     14%         2    ##.....

Your spell library contained the following spells:

 Spells                   Type           Power        Failure   Level  Hunger
 Shroud of Golubria       Chrm/Tloc      #.........   34%         2    ##.....
 Spectral Weapon          Hex/Chrm       #.......     56%         3    ###....


Dungeon Overview and Level Annotations

Branches:
Dungeon (4/15)
 Temple: D:4-7

Altars:

Annotations:
D:3 Grinder


Innate Abilities, Weirdness & Mutations

Shadows flee at your approach. (+LOS)
You can swim through water.
You cover ground slowly.
You can hop short distances.


Message History

Your transformation has ended.
Your +1 dagger of speed unmelds from your body.
Your cursed +0 ring mail unmelds from your body.
Your hands tingle!
The howler monkey skeleton hits you.
* * * LOW HITPOINT WARNING * * *
There is a stone staircase leading up here.
You take 4 damage, and have 4/41 hp.
You hit the howler monkey skeleton. The howler monkey skeleton hits you.
* * * LOW HITPOINT WARNING * * *
You take 2 damage, and have 2/41 hp.
Okay, then.
You begin infusing your attacks with magical energy.
The howler monkey skeleton barely misses you.
You now have 7/9 mp.
Unknown command.
Hop to where?
Boing!
A hound comes into view.
The howler monkey skeleton hits you.
You die...

#........# .
#........# ..
#........#
...###........#
..............# .
...#.....<....##...
...........!...h.#
...#.....Z§..####
..).....@..........
.######$.)....#####
.........#
...........#
.......###.#.#
.%...... .#.#
........ .#.#
........ .. #
........


You could see a hound (wandering) and a howler monkey skeleton.

Vault maps used:
D:1:      scummos_arrival_simple_crosswalls
D:3:      hellmonk_ghost_happy_afterlife, uniq_grinder
D:4:      marbit_many_paths, first_ration, grunt_decor_one_mirror

Notes
Turn   | Place    | Note
-------+----------+-------------------------------------------
     0 | D:1      | varaam the Barachi Skald began the quest for the Orb.
     0 | D:1      | Reached XP level 1. HP: 17/17 MP: 3/3
    69 | D:1      | Reached XP level 2. HP: 18/23 MP: 5/5
   316 | D:1      | Reached skill level 3 in Long Blades
   364 | D:1      | HP: 5/23 [hobgoblin/club (3)]
   427 | D:1      | Reached XP level 3. HP: 8/28 MP: 7/7
   691 | D:1      | Identified a cursed +0 ring mail (You found it on level 1
                  | of the Dungeon)
   691 | D:1      | Identified a +1 dagger of speed (You took it off a goblin
                  | on level 1 of the Dungeon)
   910 | D:1      | Learned a level 2 spell: Song of Slaying
  1272 | D:2      | Reached skill level 3 in Spellcasting
  1428 | D:2      | Reached skill level 4 in Charms
  1428 | D:2      | Reached XP level 4. HP: 34/34 MP: 3/8
  1433 | D:2      | Learned a level 3 spell: Regeneration
  2353 | D:2      | Identified 3 scrolls of teleportation
  2354 | D:2      | Identified 2 potions of flight
  2355 | D:2      | Identified a potion of degeneration
  2356 | D:2      | Identified a potion of curing
  2585 | D:2      | Reached skill level 2 in Armour
  2599 | D:3      | Reached skill level 3 in Fighting
  2801 | D:3      | Noticed Qupu's ghost (weakling FeBe)
  2821 | D:3      | Found a runed door.
  2831 | D:3      | Reached skill level 4 in Long Blades
  2831 | D:3      | Reached XP level 5. HP: 40/41 MP: 4/9
  2852 | D:3      | Killed Qupu's ghost
  2942 | D:3      | Noticed Grinder
  3536 | D:3      | Paralysed by Grinder for 2 turns
  3549 | D:3      | Paralysed by Grinder for 6 turns
  3563 | D:3      | Paralysed by Grinder for 6 turns
  3599 | D:3      | HP: 6/41 [Grinder/nerve-wracking pain (14)]
  3605 | D:3      | Paralysed by Grinder for 7 turns
  3618 | D:4      | HP: 4/41 [howler monkey skeleton (4)]
  3622 | D:4      | Slain by a howler monkey skeleton

Table legend:
 A = Turns spent in this place as a percentage of turns spent in the entire game.
 B = Non-inter-level travel turns spent in this place as a percentage of non-inter-level travel turns spent in the entire game.
 C = Inter-level travel turns spent in this place as a percentage of turns spent in this place.
 D = Turns resting spent in this place as a percentage of non-inter-level travel turns spent in this place.
 E = Turns spent auto-exploring this place as a percentage of non-inter-level travel turns spent in this place.
 F = Non-inter-level travel turns spent in this place divided by the number of levels of this place that you've seen.
                   A       B       C       D       E      F
               +-------+-------+-------+-------+-------+----------------------
         Total | 100.0 | 100.0 |   1.3 |  19.7 |  51.7 | 894.0
       Dungeon | 100.0 | 100.0 |   1.3 |  19.7 |  51.7 | 894.0
               +-------+-------+-------+-------+-------+----------------------

Table legend:
 A = Kills in this place as a percentage of kills in entire the game.
 B = Kills by you in this place as a percentage of kills by you in the entire game.
 C = Kills by friends in this place as a percentage of kills by friends in the entire game.
 D = Other kills in this place as a percentage of other kills in the entire game.
 E = Experience gained in this place as a percentage of experience gained in the entire game.
 F = Experience gained in this place divided by the number of levels of this place that you have seen.
                   A       B       C       D       E      F
               +-------+-------+-------+-------+-------+----------------------
         Total | 100.0 | 100.0 |   N/A |   N/A | 100.0 |  70.0
       Dungeon | 100.0 | 100.0 |   N/A |   N/A | 100.0 |  70.0
               +-------+-------+-------+-------+-------+----------------------

Skill      XL: |  1  2  3  4 |
---------------+-------------+-----
Long Blades    | 3 4 |  4.4
Spellcasting   | 3 |  3.1
Charms         | 4 |  4.0
Armour         | 2 |  2.8
Fighting       | 3 |  3.5
Dodging        | |  2.1

Action                   |  1- 3 |  4- 6 || total
-------------------------+-------+-------++-------
Melee: Falchion          |    47 |       ||    47
       Dagger            |    92 |   168 ||   260
       Unarmed           |       |    14 ||    14
Throw: Stone             |     4 |       ||     4
 Cast: Infusion          |     5 |    16 ||    21
       Regeneration      |       |     1 ||     1
 Abil: Hop               |       |     2 ||     2
  Use: Potion            |       |     3 ||     3
       Scroll            |       |     1 ||     1
  Eat: Chunk             |     2 |     7 ||     9
Armor: Leather armour    |    18 |       ||    18
       Ring mail         |    32 |    49 ||    81
Dodge: Dodged            |    90 |   100 ||   190
       Rpst.: Falchion   |    19 |       ||    19

Vanquished Creatures
  The ghost of Qupu the Ducker, a weakling FeBe of Trog (D:3)
  A worker ant (D:2)
  6 adders
  An ooze (D:1)
  A worm (D:2)
  4 dart slugs
  A leopard gecko (D:2)
  An orc (D:3)
  A giant cockroach (D:3)
  14 goblins
  6 hobgoblins
  13 kobolds
  2 quokkas (D:2)
  A ball python (D:3)
  11 bats
  4 frilled lizards
  3 rats
71 creatures vanquished.
